 Dungeon Crawl Stone Soup version 0.31-a0-920-g28cbb04a8c (webtiles) character file.

Game seed: 12178285266550458234

275 Dordric the Skirmisher (level 6, -4/35 HPs)
             Began as a Tengu Hunter on Oct 18, 2023.
             Slain by a wight
             ... wielding a +0 falchion
              (10 damage)
             ... on level 4 of the Dungeon.
             The game lasted 00:02:53 (2758 turns).

Dordric the Skirmisher (Tengu Hunter)               Turns: 2758, Time: 00:02:54

Health: -4/35      AC:  4    Str: 11    XL:     6   Next: 25%
Magic:  7/7        EV: 12    Int: 10    God:
Gold:   152        SH:  0    Dex: 19    Spells: 5/5 levels left

rFire   . . .        a - +0 shortbow
rCold   . . .        (shield currently unavailable)
rNeg    . . .        c - +0 leather armour
rPois   .            j - +0 hat
rElec   .            o - +0 cloak
rCorr   .            (no gloves)
SInv    .            (boots unavailable)
Will    .....        (no amulet)
Stlth   ++           (no ring)
HPRegen 0.25/turn    (no ring)
MPRegen 0.10/turn

%: acrobat
@: no status effects
A: beak, talons 3, acrobatic
a: no special abilities


You were on level 4 of the Dungeon.
You visited 1 branch of the dungeon, and saw 4 of its levels.

You collected 152 gold pieces.

Inventory:

Hand Weapons
 a - a +0 shortbow (weapon)
Armour
 c - a +0 leather armour (worn)
 j - a +0 hat (worn)
 o - a +0 cloak (worn)
Scrolls
 b - a scroll of butterflies
 d - 2 scrolls of enchant armour
 f - 2 scrolls of teleportation
 i - a scroll of noise
 l - a scroll of fog {unknown}
 n - a scroll of revelation {unknown}
Potions
 e - a potion of curing {unknown}
 g - 4 potions of cancellation {unknown}
 h - 2 potions of magic {unknown}
 m - a potion of might {unknown}


   Skills:
 - Level 2.0 Fighting
 + Level 8.0 Ranged Weapons
 - Level 2.1 Dodging
 - Level 1.0 Stealth


You had 5 spell levels left.
You didn't know any spells.
Your spell library contained the following spells:

 Spells                   Type           Power      Damage    Failure   Level
 Ensorcelled Hibernation  Hex/Ice        0%         N/A       58%         2
 Passwall                 Tmut/Erth      0%         N/A       58%         2
 Swiftness                Air            0%         N/A       83%         3


Dungeon Overview and Level Annotations

Branches:
Dungeon (4/15)
 Temple: D:4-7

Altars:

Shops:
D:1 =:=:


Innate Abilities, Weirdness & Mutations

You have a beak for a mouth.
You have claws for feet.
You can magically evade attacks while moving or waiting.


Message History

You feel drained.
You shoot an arrow.
The arrow hits the wight but does no damage.
The wight is moderately damaged.
The wight hits you with a +0 short sword!
You feel drained.
* * * LOW HITPOINT WARNING * * *
You are too injured to fight recklessly!
You are too injured to fight recklessly!
You are too injured to fight recklessly!
You are too injured to fight recklessly!
You are too injured to fight recklessly!
You are too injured to fight recklessly!
You are too injured to fight recklessly!
You are too injured to fight recklessly!
You are too injured to fight recklessly!
There are monsters nearby!
There are monsters nearby!
You shoot an arrow. The arrow hits the wight!
The wight is almost destroyed.
The wight closely misses you.
You shoot an arrow.
The arrow hits the wight but does no damage.
The wight is severely damaged.
The wight hits you with a +0 short sword.
* * * LOW HITPOINT WARNING * * *
You shoot an arrow.
The arrow hits the wight but does no damage.
The wight is severely damaged.
The wight barely misses you.
You shoot an arrow. The arrow hits the wight.
You destroy the wight!
Your life force feels restored.
Your Ranged Weapons skill increases to level 8!
You shoot an arrow. The arrow closely misses the wight.
The wight closely misses you.
You shoot an arrow. The arrow hits the wight.
The wight is lightly damaged.
The wight hits you with a +0 falchion!
You die...

...............##
..............##
................#
#.........)............
#......................
#.........^............
##.................=...
#..............z## ..
#............###@#.#
#.........###.....#
.......###.#......#
....###.....#.....#
.###.#......#......# .. .. #. #
#.....#.....#.....###.. #.. ..#
. ......#......#.###.#.###.# ...
.. #.....#.....###.....#...###..
#..
#......#.###.#......#....#.###.#


You could see a wight.

Vanquished Creatures
  2 wights (D:4)
  An orc wizard (D:4)
  4 gnolls (D:2)
  2 adders
  3 worms
  A dart slug (D:4)
  10 orcs
  A bat (D:1)
  2 endoplasms
  2 giant cockroaches
  8 goblins
  9 hobgoblins
  2 jackals (D:1)
  3 quokkas
  7 ball pythons
  3 frilled lizards
  8 kobolds
  3 rats
71 creatures vanquished.

Notes
Turn   | Place    | Note
-------+----------+-------------------------------------------
     0 | D:1      | Dordric the Tengu Hunter began the quest for the Orb.
     0 | D:1      | Reached XP level 1. HP: 12/12 MP: 2/2
    38 | D:1      | Found Tuxker's Book Emporium.
    46 | D:1      | Reached XP level 2. HP: 17/17 MP: 3/3
   179 | D:1      | Reached skill level 5 in Ranged Weapons
   260 | D:1      | Found Mootacaj's Jewellery Emporium.
   324 | D:1      | Found Qetif's Book Shoppe.
   473 | D:1      | Found Eharec's Jewellery Boutique.
   866 | D:2      | Reached XP level 3. HP: 21/21 MP: 4/4
   883 | D:2      | Reached skill level 6 in Ranged Weapons
   883 | D:2      | Reached XP level 4. HP: 17/26 MP: 5/5
  2046 | D:3      | Reached XP level 5. HP: 30/30 MP: 6/6
  2579 | D:4      | Reached skill level 7 in Ranged Weapons
  2706 | D:4      | Reached XP level 6. HP: 35/35 MP: 7/7
  2757 | D:4      | Reached skill level 8 in Ranged Weapons
  2758 | D:4      | Slain by a wight

Illustrated notes

Levels and vault maps discovered:
D:1:      heliophobic_arrival_henge, layout_basic, serial_shops,
          nicolae_shop_temple_entry_statues_fountains, shop_statue,
          nicolae_shop_stone, nicolae_shop_tiny_real_fake_doors,
          minmay_misc_feat_room
D:2:      layout_basic, grunt_ministairs_5
D:3:      layout_loops_ring, serial_glass, glass_columns_c, glass_columns_b,
          glass_columns_a, glass_columns_c
D:4:      nicolae_BIG_FREAKIN_CUBE, layout_cave_pods

Skill      XL: |  1  2  3  4  5  6 |
---------------+-------------------+-----
Ranged Weapons | 5 6 7 8 |  8.0
Fighting       | |  2.0
Dodging        | |  2.1
Stealth        | |  1.0

Action                     |  1- 3 |  4- 6 || total
---------------------------+-------+-------++-------
   Fire: Shortbow          |    50 |   172 ||   222
    Use: Scroll            |       |     3 ||     3
 Armour: Leather armour    |     7 |    19 ||    26
  Dodge: Dodged            |    10 |    29 ||    39

Table legend: (Time is in decaauts)
 A = Elapsed time spent in this place.
 B = Non-inter-level travel time spent in this place.
 C = Inter-level travel time spent in this place.
 D = Time resting spent in this place.
 E = Time spent auto-exploring this place.
 F = Levels seen in this place.
 G = Mean time per level.
                   A        B        C        D        E       F      G
               +--------+--------+--------+--------+--------+-----+--------+
         Total |   2783 |   2609 |    174 |      0 |   2194 |   4 |  695.8 |
       Dungeon |   2783 |   2609 |    174 |      0 |   2194 |   4 |  695.8 |
               +--------+--------+--------+--------+--------+-----+--------+

Top non-repeatable levels by time:
     D:2: 882 daAuts
     D:1: 846 daAuts
     D:3: 688 daAuts
     D:4: 366 daAuts
